 Dungeon Crawl Stone Soup version 0.22-a0-355-g201945f (webtiles) character file.

82613 RoseArtemis the Severer (level 15, -2/150 HPs)
             Began as a Minotaur Fighter on Apr 17, 2018.
             Was an Elder of Okawaru.
             Killed by mirror damage (37 damage)
             ... on level 13 of the Dungeon.
             The game lasted 01:14:26 (27596 turns).

RoseArtemis the Severer (Minotaur Fighter)         Turns: 27596, Time: 01:14:27

Health: -2/150     AC: 23    Str: 22    XL:     15   Next: 30%
Magic:  16/18      EV: 17    Int:  6    God:    Okawaru [****..]
Gold:   1117       SH:  0    Dex: 14    Spells: 14/14 levels left

rFire    + . .     SeeInvis .   a - +6 battleaxe (flame)
rCold    + . .     Gourm    .   (shield currently unavailable)
rNeg     . . .     Faith    .   P - +4 plate armour {rF+}
rPois    .         Spirit   .   (helmet restricted)
rElec    .         Reflect  .   B - scarf {cloud immunity}
rCorr    .         Harm     .   O - +0 pair of gloves
MR       +....                  (no boots)
Stlth    ..........             (no amulet)
HPRegen  0.35/turn              J - ring of protection from cold
MPRegen  0.16/turn              o - +1 ring of evasion

@: heroism, studying Dodging
A: retaliatory headbutt, horns 2
a: Heroism, Renounce Religion


You were on level 13 of the Dungeon.
You worshipped Okawaru.
Okawaru was greatly pleased with you.
You were hungry.

You visited 4 branches of the dungeon, and saw 22 of its levels.
You also visited: Sewer and Ossuary.

You collected 1898 gold pieces.
You spent 781 gold pieces at shops.

Inventory:

Hand Weapons
 a - a +6 battleaxe of flaming (weapon)
 b - a +0 blowgun
 p - a +4 battleaxe
 K - the +2 hand axe "Wyddak" {venom, rElec Int+3 Dex-5}
   (Okawaru gifted it to you on level 4 of the Lair of Beasts)

   It poisons the flesh of those it strikes.
   It affects your intelligence (+3).
   It affects your dexterity (-5).
   It insulates you from electricity.
Missiles
 u - 15 curare-tipped needles
 G - 13 poisoned javelins (quivered)
 I - 29 poisoned needles
Armour
 B - a scarf of cloud immunity (worn)
 O - a +0 pair of gloves (worn)
 P - a +4 plate armour of fire resistance (worn)
Jewellery
 o - a +1 ring of evasion (right hand)
 x - an uncursed ring of flight
 C - an uncursed ring of resist corrosion
 J - a ring of protection from cold (left hand)
 R - the ring of Xom's Whim {Ice Int+7}
   (You found it on level 11 of the Dungeon)

   [ring of ice]

   It enhances your ice magic.
   It affects your intelligence (+7).
   It makes you vulnerable to fire.
   It protects you from cold.
Wands
 q - a wand of flame (23)
 y - a wand of iceblast (9)
 z - a wand of paralysis (22)
 E - a wand of acid (2)
 F - a wand of disintegration (14)
 H - a wand of digging (12)
Scrolls
 e - 7 scrolls of remove curse
 h - 2 scrolls of magic mapping
 i - 5 scrolls of fog
 n - 9 scrolls of teleportation
 r - 4 scrolls of blinking
 s - 4 scrolls of amnesia
 t - a scroll of silence
 Q - a scroll of noise {unknown}
Potions
 d - 2 potions of haste
 g - a potion of ambrosia
 j - 5 potions of flight
 k - 3 potions of mutation
 l - 2 potions of brilliance
 m - 2 potions of resistance
 v - 3 potions of invisibility
 w - 2 potions of agility
 A - 3 potions of degeneration
 D - a potion of curing
 L - 2 potions of lignification
 N - 3 potions of might
Books
 M - a manual of Dodging
Comestibles
 f - 31 rations


   Skills:
 + Level 18.7(23.7) Fighting
 * Level 19.7(24.7) Axes
 - Level 5.0(10.0) Throwing
 - Level 13.0(18.0) Armour
 + Level 11.9(16.9) Dodging
   Level 6.0(11.0) Shields
 + Level 5.5 Invocations


You had 14 spell levels left.
You didn't know any spells.

Dungeon Overview and Level Annotations

Branches:
Dungeon (13/15)            Temple (1/1) D:6            Lair (6/6) D:9
 Shoals (0/4) Lair:3       Spider (0/4) Lair:2        Slime (0/5) Lair:6
    Orc (2/2) D:11            Elf (0/3) Orc:2
 Vaults: D:13-14

Altars:
Ashenzari
Cheibriados
Dithmenos
Elyvilon
Fedhas
Gozag
Hepliaklqana
Kikubaaqudgha
Makhleb
Nemelex Xobeh
Okawaru
Qazlal
Ru
Sif Muna
Trog
Uskayaw
Vehumet
Wu Jian
Xom
Yredelemnul
Zin
The Shining One
Beogh
Jiyva

Shops:
D:5 (   D:7 ?   D:8 *   D:12 *   Orc:2 (}[!

Annotations:
D:11 exclusion: downstairs
Lair:6 1 runed door


Innate Abilities, Weirdness & Mutations

You reflexively headbutt those who attack you in melee.
You have a pair of horns on your head.


Message History

You hit the worker ant. You burn the worker ant.
You kill the worker ant!
Okawaru accepts your kill.
The death knight offers itself to Yredelemnul, and fills with unholy energy.
Something closely misses you.
You hit the death knight. You burn the death knight.
Your headbutt misses the death knight.
The death knight is moderately wounded.
You slash something! You burn something.
The death knight reflects your damage back at you!
Something hits you but does no damage.
The death knight hits you with a glaive of chopping!
* * * LOW HITPOINT WARNING * * *
x2 You open the death knight like a pillowcase!!!
You burn the death knight!!
You kill the death knight!
Okawaru accepts your kill.
You hit the shadow imp. You burn the shadow imp.
Your damage is reflected back at you!
You die...

...........
..........#
..........# .
..........#
###..
..........#
......
#....o..##......
#...[W[........#
#....))5)......#
#..##..@.).....#
#. #..........#
# #..........#
#....$.....#
#....(.....#
#.......)...
............
........[...
.............


You could see a freezing wraith, a shadow imp and an orc.

Vanquished Creatures
  An orc warlord (Orc:2)
  Azrael (D:12)
  The ghost of zhorgal the Cruncher, a journeyman FoFi of Okawaru (D:10)
  Snorg (Lair:5)
  A fire dragon (Lair:6)
  An ogre mage (Orc:1)
  5 hydras
  The ghost of Fingolfin the Grappler, a novice TrWz of Vehumet (D:8)
  A catoblepas (Lair:3)
  A death knight (D:13)
  13 two-headed ogres
  6 death yaks (Lair:6)
  5 orc high priests (Orc:2)
  Nergalle (Lair:1)
  Sonja (D:12)
  A skeletal warrior (D:13)
  2 unseen horrors (D:11)
  A lindwurm (Lair:6)
  A phantasmal warrior (D:12)
  Pikel (D:9)
  5 orc knights
  A deep elf mage (D:12)
  2 wolf spiders (Lair:2)
  4 orc sorcerers
  10 elephants
  5 black mambas
  15 spiny frogs
  Psyche (D:10)
  3 molten gargoyles (Lair:6)
  8 komodo dragons
  A kobold demonologist (D:11)
  A queen bee (Lair:4)
  A jumping spider (Lair:2)
  11 trolls
  3 meliai (Lair:4)
  Grinder (D:3)
  A polar bear (Lair:6)
  17 blink frogs
  4 hippogriffs
  3 slime creatures (D:13)
  A redback (Lair:2)
  39 yaks
  A wyvern (Lair:6)
  Sigmund (D:5)
  2 wraiths
  2 steam dragons (Lair:6)
  Eustachio (D:5)
  5 basilisks
  A hungry ghost (D:7)
  Edmund (D:4)
  5 wargs
  12 water moccasins
  11 hell hounds
  11 porcupines
  A slave (D:9)
  4 black bears
  49 orc warriors
  3 sky beasts
  A phantom (D:12)
  19 ogres
  8 crocodiles
  11 wolves
  5 big kobolds
  13 bullfrogs
  A wyvern zombie (D:9)
  A water moccasin zombie (D:8)
  3 scorpions
  44 killer bees
  2 howler monkeys (D:4)
  2 electric eels (Lair:5)
  5 crimson imps
  A centaur zombie (Ossuary)
  A bullfrog zombie (D:12)
  5 lava snakes (Lair:6)
  32 orc priests
  6 hounds
  A jelly (D:8)
  2 human zombies (Ossuary)
  2 bullfrog skeletons
  4 centaur skeletons
  16 orc wizards
  13 worker ants
  5 iguanas
  A big kobold zombie (Ossuary)
  A hound zombie (D:5)
  A hound skeleton (D:4)
  2 mummies (Ossuary)
  3 worker ant zombies
  Robin (D:4)
  3 gnolls (D:7)
  13 adders
  A river rat (D:4)
  2 adder skeletons
  2 worms
  3 dart slugs
  10 leopard geckos
  130 orcs
  A ball python (D:1)
  2 giant cockroaches
  4 gnoll zombies (Ossuary)
  15 goblins
  8 hobgoblins
  21 jackals
  6 quokkas
  12 bats
  5 frilled lizards
  2 goblin zombies (Ossuary)
  2 hobgoblin zombies (Ossuary)
  12 kobolds
  A leopard gecko skeleton (D:4)
  2 orc zombies (Ossuary)
  4 quokka skeletons
  5 rats
  2 fungi (Lair:6)
  5 plants
778 creatures vanquished.

Vanquished Creatures (others)
  A hippogriff (D:10)
  4 fungi
  A plant (Lair:5)
6 creatures vanquished.

Grand Total: 784 creatures vanquished

Notes
Turn   | Place    | Note
-------+----------+-------------------------------------------
     0 | D:1      | RoseArtemis the Minotaur Fighter began the quest for the Orb.
     0 | D:1      | Reached XP level 1. HP: 19/19 MP: 0/0
    74 | D:1      | Reached XP level 2. HP: 25/27 MP: 1/1
   247 | D:1      | Reached skill level 3 in Axes
   612 | D:1      | Reached XP level 3. HP: 22/33 MP: 2/2
  1266 | D:2      | Reached XP level 4. HP: 40/40 MP: 3/3
  1709 | D:3      | Noticed Grinder
  1769 | D:3      | Reached skill level 4 in Axes
  1796 | D:3      | Killed Grinder
  1796 | D:3      | Reached skill level 5 in Axes
  1796 | D:3      | Reached XP level 5. HP: 4/47 MP: 4/4
  1796 | D:3      | Reached XP level 6. HP: 4/55 MP: 5/5
  2367 | D:3      | Reached skill level 5 in Fighting
  2367 | D:3      | Reached skill level 5 in Armour
  2367 | D:3      | Reached skill level 5 in Shields
  2503 | D:3      | Found a shadowy altar of Dithmenos.
  2526 | D:3      | Found a blossoming altar of Fedhas.
  2526 | D:3      | Found a bloodstained altar of Trog.
  2687 | D:4      | Found a glowing drain.
  2711 | Sewer    | Entered a sewer
  2792 | Sewer    | Reached skill level 6 in Axes
  2792 | Sewer    | Reached XP level 7. HP: 37/63 MP: 6/6
  2997 | D:4      | Noticed Edmund
  3008 | D:4      | Killed Edmund
  3090 | D:4      | Noticed Robin
  3192 | D:4      | Killed Robin
  3637 | D:5      | Entered Level 5 of the Dungeon
  3655 | D:5      | Found Juteack's Weapon Shoppe.
  3684 | D:5      | Reached skill level 7 in Axes
  3729 | D:5      | Found a sand-covered staircase.
  3734 | Ossuary  | Entered an ossuary
  3825 | Ossuary  | Reached XP level 8. HP: 53/74 MP: 7/7
  4040 | D:5      | Bought a +1 battleaxe of flaming for 280 gold pieces
  4167 | D:5      | Noticed Sigmund
  4178 | D:5      | Killed Sigmund
  4655 | D:5      | Noticed Eustachio
  4665 | D:5      | Reached skill level 8 in Axes
  4696 | D:5      | Killed Eustachio
  4857 | D:5      | Found a burning altar of Makhleb.
  4963 | D:5      | Reached skill level 10 in Fighting
  5303 | D:6      | Found a staircase to the Ecumenical Temple.
  5308 | Temple   | Entered the Ecumenical Temple
  5505 | Temple   | Became a worshipper of Warmaster Okawaru
  5641 | D:6      | Found a sparkling altar of Nemelex Xobeh.
  5800 | D:6      | You fall through a shaft!
  5817 | D:6      | Reached skill level 9 in Axes
  5970 | D:6      | Reached XP level 9. HP: 79/86 MP: 8/8
  6244 | D:7      | Reached * piety under Okawaru
  6523 | D:7      | Found a hide-covered altar of Uskayaw.
  6524 | D:7      | Noticed a troll
  6532 | D:7      | Killed a troll
  6904 | D:7      | Reached skill level 10 in Axes
  7159 | D:7      | Found Foasy's Magic Scroll Boutique.
  7185 | D:7      | Found a stormy altar of Qazlal.
  7356 | D:7      | Bought a scroll of identify for 28 gold pieces
  7925 | D:8      | Found Okyphine's General Store.
  7931 | D:8      | Noticed Fingolfin's ghost (novice TrWz)
  8230 | D:8      | Found an opulent altar of Gozag.
  8230 | D:8      | Found a glowing silver altar of Zin.
  8318 | D:8      | Killed Fingolfin's ghost
  8318 | D:8      | Reached ** piety under Okawaru
  8318 | D:8      | Reached skill level 11 in Axes
  8318 | D:8      | Reached XP level 10. HP: 12/102 MP: 9/9
  9042 | D:8      | Bought 2 potions of haste for 280 gold pieces
  9042 | D:8      | Bought a scroll of magic mapping for 49 gold pieces
  9343 | D:9      | Found a white marble altar of Elyvilon.
  9433 | D:9      | Found a staircase to the Lair.
  9525 | D:9      | Found a basalt altar of Yredelemnul.
  9906 | D:9      | Noticed Pikel
  9918 | D:9      | Killed Pikel
  9963 | D:10     | Entered Level 10 of the Dungeon
 10011 | D:10     | Noticed zhorgal's ghost (journeyman FoFi)
 10026 | D:10     | Killed zhorgal's ghost
 10026 | D:10     | Reached *** piety under Okawaru
 10026 | D:10     | Reached skill level 15 in Fighting
 10026 | D:10     | Reached skill level 12 in Axes
 10369 | D:10     | Received a gift from Okawaru
 10421 | D:10     | Noticed a two-headed ogre
 10431 | D:10     | Killed a two-headed ogre
 10490 | D:10     | Noticed a two-headed ogre
 10496 | D:10     | Killed a two-headed ogre
 10496 | D:10     | Reached **** piety under Okawaru
 10496 | D:10     | Reached XP level 11. HP: 61/113 MP: 7/10
 10836 | D:10     | Noticed a two-headed ogre
 10841 | D:10     | Killed a two-headed ogre
 10841 | D:10     | Reached skill level 13 in Axes
 10841 | D:10     | Reached skill level 10 in Armour
 11060 | D:10     | Noticed Psyche
 11066 | D:10     | Killed Psyche
 11376 | Lair:1   | Entered Level 1 of the Lair of Beasts
 11394 | Lair:1   | Reached ***** piety under Okawaru
 11640 | Lair:1   | Received a gift from Okawaru
 12071 | Lair:1   | Noticed Nergalle
 12072 | Lair:1   | Noticed a spectral orc warlord
 12085 | Lair:1   | Killed Nergalle
 12085 | Lair:1   | Reached skill level 14 in Axes
 12703 | Lair:2   | Reached skill level 1 in Throwing
 12851 | Lair:2   | Noticed a wolf spider
 12852 | Lair:2   | Found a hole to the Spider Nest.
 12852 | Lair:2   | Noticed a wolf spider
 12861 | Lair:2   | Killed a wolf spider
 12862 | Lair:2   | Killed a wolf spider
 12862 | Lair:2   | Received a gift from Okawaru
 13635 | Lair:2   | Noticed an eight-headed hydra
 13642 | Lair:2   | Killed a five-headed hydra
 13642 | Lair:2   | Received a gift from Okawaru
 13642 | Lair:2   | Reached XP level 12. HP: 89/122 MP: 8/11
 14267 | Lair:3   | Reached skill level 15 in Axes
 14853 | Lair:3   | Noticed a five-headed hydra
 14861 | Lair:3   | Killed a two-headed hydra
 14870 | Lair:3   | Got a slimy scale mail
 14882 | Lair:3   | Found a staircase to the Shoals.
 15170 | Lair:3   | Noticed a catoblepas
 15179 | Lair:3   | Killed a catoblepas
 15179 | Lair:3   | Received a gift from Okawaru
 15530 | Lair:4   | Identified the cursed +1 scale mail of Paliv {+Blink rC+ rCorr Int-3} (You found it on level 3 of the Lair of Beasts)
 15636 | Lair:4   | Received a gift from Okawaru
 15673 | Lair:4   | Got an ancient hand axe {god gift}
 15894 | Lair:4   | Identified the +2 hand axe "Wyddak" {venom, rElec Int+3 Dex-5} (Okawaru gifted it to you on level 4 of the Lair of Beasts)
 15980 | Lair:4   | Reached skill level 16 in Axes
 16000 | Lair:4   | Reached skill level 5 in Throwing
 16627 | Lair:4   | Reached XP level 13. HP: 124/130 MP: 9/12
 16903 | Lair:5   | Noticed Snorg
 16915 | Lair:5   | Killed Snorg
 16915 | Lair:5   | Reached skill level 1 in Dodging
 17338 | Lair:5   | Received a gift from Okawaru
 18410 | Lair:6   | Entered Level 6 of the Lair of Beasts
 18492 | Lair:6   | Reached skill level 17 in Axes
 18517 | Lair:6   | Found a runed door.
 18518 | Lair:6   | Found a viscous altar of Jiyva.
 18519 | Lair:6   | Found a staircase to the Slime Pits.
 18519 | Lair:6   | Noticed an acid blob
 18595 | Lair:6   | Reached skill level 5 in Dodging
 19881 | Lair:6   | Received a gift from Okawaru
 19900 | Lair:6   | Reached XP level 14. HP: 106/141 MP: 5/13
 19924 | Lair:6   | Reached skill level 18 in Axes
 19931 | Lair:6   | Got a crude broad axe {god gift}
 19939 | Lair:6   | Identified the +2 broad axe of the Pure Allies {drain, MR- Str+4 Int+6 Stlth+} (Okawaru gifted it to you on level 6 of the Lair of Beasts)
 20155 | Lair:6   | Found a large runed door.
 20156 | Lair:6   | Found a large runed door.
 21197 | D:11     | Got a scorched golden ring
 21271 | D:11     | Reached skill level 1 in Invocations
 21433 | D:11     | Identified the ring of Xom's Whim {Ice Int+7} (You found it on level 11 of the Dungeon)
 21682 | D:11     | Found a blossoming altar of Fedhas.
 21972 | D:11     | Found a staircase to the Orcish Mines.
 22231 | D:12     | Noticed Azrael
 22507 | D:12     | Killed Azrael
 22697 | D:12     | Noticed Sonja
 22706 | D:12     | Killed Sonja
 23058 | D:12     | Found Bantolel's Assorted Antiques.
 23698 | Orc:1    | Entered Level 1 of the Orcish Mines
 23727 | Orc:1    | Reached skill level 10 in Dodging
 23827 | Orc:1    | Upgraded the game from 0.22-a0-354-g30dfbe6 to 0.22-a0-355-g201945f
 24316 | Orc:1    | Reached skill level 19 in Axes
 24320 | Orc:1    | Received a gift from Okawaru
 24505 | Orc:2    | Entered Level 2 of the Orcish Mines
 25072 | Orc:2    | Found a roughly hewn altar of Beogh.
 25097 | Orc:2    | Received a gift from Okawaru
 25161 | Orc:2    | Found Coskoar's Distillery.
 25324 | Orc:2    | Reached XP level 15. HP: 143/150 MP: 17/17
 25420 | Orc:2    | Found a staircase to the Elven Halls.
 25914 | Orc:2    | Found Nacaip's Antique Armour Shoppe.
 25932 | Orc:2    | Bought a pair of gloves for 144 gold pieces
 26204 | Orc:2    | Noticed an orc warlord
 26230 | Orc:2    | Killed an orc warlord
 26230 | Orc:2    | Reached skill level 5 in Invocations
 26461 | Orc:2    | Found Xalad's Gadget Boutique.
 26506 | Orc:2    | Found Masole's Weapon Emporium.
 26922 | Orc:2    | Found a roughly hewn altar of Beogh.
 27596 | D:13     | Killed by mirror damage

Vault maps used:
D:1:      saegor_arrival_simple_a, minmay_misc_feat_more_columns
D:3:      grunt_temple_overflow_open, minmay_checkerbox, uniq_grinder
D:4:      first_ration, cheibrodos_sewer_entry_sluice, minivault_27,
          uniq_edmund, uniq_robin
D:5:      makhleb_heckhound_becter, serial_shops, nicolae_shop_statue_plus,
          serial_co_window_serial, co_window_paths_b, co_window_paths_a,
          co_window_paths_a, co_window_paths_b, co_window_of_opportunity_a,
          co_window_paths_b, co_window_of_opportunity_a, co_window_corner_cb,
          co_window_of_opportunity_c, co_window_paths_c, glass_columns_a,
          enter_ossuary_2, serial_park_tiny_1, lightli_corner_chamber,
          uniq_eustachio, uniq_sigmund
D:6:      nemelex_xobeh_ov_fountains_minmay, minmay_temple_entry_nine_rooms,
          minmay_lizard_king
D:7:      lemuel_round_altar, lemuel_crystal_altar, serial_shops,
          nicolae_shop_window_shopping
D:8:      grunt_temple_overflow_gold_and_silver, serial_shops,
          nicolae_shop_statue_plus
D:9:      kennysheep_ying_yang, lair_entry_dummy,
          onia_ninara_dug_in_and_dangerous, uniq_pikel
D:10:     grunt_ogre_cave, uniq_psyche
D:11:     hiddenorc1_lemuel, fedhas_altar_fruit_tree
D:12:     serial_shops, shop, uniq_sonja, uniq_azrael
D:13:     hangedman_vaults_entry_quadrant_bands, basic_altar,
          kennysheep_big_empty_room, nrook_pool_corridor
Temple:   minmay_temple_curvy_loop
Lair:1:   st_stairs_3, lemuel_another_geyser, uniq_nergalle
Lair:2:   spider_nest_entry_funnel_web
Lair:3:   elwin_shoals_entry_rocks, st_stairs_13, serial_bayou_shore_b
Lair:5:   wad_woods_river_01, uniq_snorg
Lair:6:   cheibrodos_lair_end_hotspot, slime_altar_2
Orc:1:    enter_volcano_3
Orc:2:    pubby_orc_utopia
Sewer:    sewer_big_baddie
Ossuary:  minmay_ossuary_gauntlet

Skill      XL: |  1  2  3  4  5  6  7  8  9 10 11 12 13 14 15 |
---------------+----------------------------------------------+-----
Axes           | 3 5 6 7 9 11 12 14 16 17 19 | 19.7
Shields        | 4 5 6 |  6.0
Fighting       | 4 6 8 10 13 15 16 17 18 | 18.7
Armour         | 4 5 6 7 8 9 11 12 13 | 13.0
Throwing       | 2 5 |  5.0
Dodging        | 7 11 | 11.9
Invocations    | 4 5 |  5.5

Action                   |  1- 3 |  4- 6 |  7- 9 | 10-12 | 13-15 || total
-------------------------+-------+-------+-------+-------+-------++-------
Melee: War axe           |    69 |    92 |   109 |       |       ||   270
       Headbutt          |     9 |    16 |    55 |    71 |   165 ||   316
       Battleaxe         |       |       |   209 |   374 |   831 ||  1414
 Fire: Blowgun           |       |       |       |     5 |       ||     5
Throw: Javelin           |       |       |       |    24 |     6 ||    30
Invok: Heroism           |       |       |     3 |    24 |    47 ||    74
       Finesse           |       |       |       |       |     9 ||     9
  Use: Scroll            |     3 |     7 |    12 |    11 |    11 ||    44
       Potion            |     1 |     1 |     8 |     5 |     3 ||    18
  Eat: Chunk             |     1 |     5 |    13 |    21 |    28 ||    68
       Ration            |       |       |     2 |     1 |     2 ||     5
Armor: Scale mail        |    37 |    38 |    66 |       |       ||   141
       Plate armour      |       |       |    69 |   247 |   343 ||   659
       Skin              |       |       |    32 |       |       ||    32
Dodge: Dodged            |    21 |    24 |    98 |   174 |   362 ||   679
Block: Shield            |    24 |    46 |    54 |       |       ||   124

Table legend:
 A = Spawn XP
 B = Non-spawn XP
 C = Spawn XP percentage of total XP
 D = Spawn monster count
 E = Non-spawn monster count
 F = Spawn count percentage of total count
 G = Total turns spent on level
                    A         B        C        D         E        F      G
               +---------+---------+-------+---------+---------+-------+---------
         Total |       0 |  118019 |   0.0 |       0 |     771 |   0.0 | 27596
               +---------+---------+-------+---------+---------+-------+---------
           D:1 |       0 |      43 |   0.0 |       0 |      22 |   0.0 |   820
           D:2 |       0 |      63 |   0.0 |       0 |      16 |   0.0 |  1154
           D:3 |       0 |     410 |   0.0 |       0 |      23 |   0.0 |   746
           D:4 |       0 |     640 |   0.0 |       0 |      34 |   0.0 |   703
           D:5 |       0 |     793 |   0.0 |       0 |      16 |   0.0 |  1405
           D:6 |       0 |     536 |   0.0 |       0 |      25 |   0.0 |   759
           D:7 |       0 |    1537 |   0.0 |       0 |      26 |   0.0 |  1385
           D:8 |       0 |    1944 |   0.0 |       0 |      27 |   0.0 |  1761
           D:9 |       0 |    1230 |   0.0 |       0 |      19 |   0.0 |   766
          D:10 |       0 |    5478 |   0.0 |       0 |      28 |   0.0 |  1399
          D:11 |       0 |    6879 |   0.0 |       0 |      51 |   0.0 |  1376
          D:12 |       0 |    8500 |   0.0 |       0 |      51 |   0.0 |  1779
          D:13 |       0 |    3059 |   0.0 |       0 |      17 |   0.0 |    54
        Lair:1 |       0 |    4396 |   0.0 |       0 |      18 |   0.0 |  1298
        Lair:2 |       0 |    6022 |   0.0 |       0 |      20 |   0.0 |  1291
        Lair:3 |       0 |    7999 |   0.0 |       0 |      32 |   0.0 |  1410
        Lair:4 |       0 |    8375 |   0.0 |       0 |      48 |   0.0 |  1390
        Lair:5 |       0 |    6305 |   0.0 |       0 |      28 |   0.0 |  1873
        Lair:6 |       0 |   22931 |   0.0 |       0 |      60 |   0.0 |  2154
         Orc:1 |       0 |   10701 |   0.0 |       0 |      53 |   0.0 |   851
         Orc:2 |       0 |   19849 |   0.0 |       0 |     135 |   0.0 |  2470
         Sewer |       0 |     124 |   0.0 |       0 |       6 |   0.0 |   234
       Ossuary |       0 |     205 |   0.0 |       0 |      16 |   0.0 |   291
               +---------+---------+-------+---------+---------+-------+---------
